 Dungeon Crawl Stone Soup version 0.30-a0-347-gf58ed5266c (webtiles) character file.

Game seed: 1661757502885235848

179 RascalDebosk the Magician (level 5, 0/38 HPs)
             Began as a Djinni Conjurer on Nov 6, 2022.
             Slain by a bullfrog skeleton (1 damage)
             ... on level 3 of the Dungeon on Nov 7, 2022.
             The game lasted 00:21:37 (2359 turns).

RascalDebosk the Magician (Djinni Conjurer)         Turns: 2359, Time: 00:21:38

Health: 0/38       AC:  2    Str:  6    XL:     5   Next: 90%
Gold:   114        EV: 12    Int: 21    God:
                   SH:  0    Dex: 12

rFire   + + .      SeeInvis .    i - +0 falchion
rCold   x . .      Faith    .    (no shield)
rNeg    . . .      Spirit   .    a - +0 robe
rPois   ∞          Reflect  .    (no helmet)
rElec   .          Harm     .    (no cloak)
rCorr   .          Rampage  .    (no gloves)
Will    .....                    (boots unavailable)
Stlth   ++........               (no amulet)
HPRegen 0.26/turn                (no ring)
MPRegen 0.00/turn                (no ring)

@: flying, very slightly contaminated, hasted, very quick
A: sickness immunity, fire resistance 2, cold vulnerability 1, float, innate
caster, HP casting, extra vitality 1
a: no special abilities


You were on level 3 of the Dungeon.
You visited 1 branch of the dungeon, and saw 3 of its levels.

You collected 114 gold pieces.

Inventory:

Hand Weapons
 i - a +0 falchion (weapon)
Missiles
 o - 2 throwing nets {@!f}
Armour
 a - a +0 robe (worn)
Jewellery
 h - a ring of resist corrosion
 t - an amulet of reflection
Scrolls
 c - 6 scrolls of identify {unknown}
 d - 2 scrolls of fear {unknown}
 e - a scroll of torment {unknown}
 g - a scroll of fog {unknown}
 m - 2 scrolls of noise {unknown}
 n - 2 scrolls of enchant weapon {unknown}
 p - a scroll of teleportation {unknown}
 q - a scroll of blinking {unknown}
 r - 2 scrolls of amnesia {unknown}
 s - a scroll of immolation {unknown}
Potions
 b - 3 potions of haste
 f - 2 potions of magic {unknown}
 j - 3 potions of mutation {unknown}
 k - a potion of heal wounds {unknown}
 l - a potion of resistance {unknown}


   Skills:
 + Level 2.2 Fighting
 - Level 2.1 Dodging
 - Level 1.5 Stealth
 * Level 4.8 Spellcasting


You couldn't memorise any spells.
You knew the following spells:

 Your Spells              Type           Power      Damage    Failure   Level
a - Magic Dart            Conj           100%       1d8       1%          1
b - Searing Ray           Conj           50%        2d6       2%          2
c - Dazzling Flash        Conj/Hex       50%        N/A       4%          3
d - Fulminant Prism       Conj/Hex       12%        3d8       14%         4
e - Iskenderun's Mystic   Conj/Tloc      25%        2d7       14%         4
f - Slow                  Hex            100%       N/A       1%          1
g - Static Discharge      Conj/Air       50%        2-5/arc   2%          2
Your spell library was empty.

Dungeon Overview and Level Annotations

Branches:
Dungeon (3/15)

Altars:

Annotations:
D:3 1 transporter, Shayle's ghost, novice DjRe


Innate Abilities, Weirdness & Mutations

You are immune to sickness and miasma.
You are immune to poison.
Your flesh is very heat resistant. (rF++)
You are vulnerable to cold. (rC-)
You float through the air rather than walking.
You learn spells naturally, not from books.
Your magical power is your life essence.
You have superior vitality. (+4 MHP)


Message History

Press: ? - help, Shift-Dir - straight line, f/p - Shayle's ghost
Aim: Shayle's ghost (heavily damaged, 74% to hit)
You miscast Searing Ray.
You are very lightly contaminated with residual magic.
Nothing appears to happen.
Shayle's ghost shouts, "They lied to you.
The Dungeon just goes down and down forever."
Casting: Searing Ray (safe; 2% risk of failure)
Confirm with . or Enter, or press ? or * to list all spells.
The spell is quite dangerous to miscast (17% risk of failure)!
Continue anyway?
You erupt in a blast of force!
The mystic blast hits Shayle's ghost.
Shayle's ghost is heavily damaged.
Shayle's ghost is knocked back by the mystic blast.
Casting: Iskenderun's Mystic Blast (quite dangerous; 17% risk of failure)
Confirm with . or Enter, or press ? or * to list all spells.
The spell is quite dangerous to miscast (17% risk of failure)!
Continue anyway?
You miscast Iskenderun's Mystic Blast.
You feel a wrenching sensation.
You are magically locked in place.
Casting: Iskenderun's Mystic Blast (quite dangerous; 17% risk of failure)
Confirm with . or Enter, or press ? or * to list all spells.
The spell is quite dangerous to miscast (17% risk of failure)!
Continue anyway?
You erupt in a blast of force!
The mystic blast hits the water moccasin skeleton!
The water moccasin skeleton is moderately damaged.
The water moccasin skeleton is knocked back by the mystic blast.
* * * LOW HITPOINT WARNING * * *
You cannot move.
Unknown command.
You cannot move.
It was a potion of haste.
You feel yourself speed up.
You are no longer locked in place.
Casting: Iskenderun's Mystic Blast (quite dangerous; 17% risk of failure)
Confirm with . or Enter, or press ? or * to list all spells.
The spell is quite dangerous to miscast (17% risk of failure)!
Continue anyway?
You miscast Iskenderun's Mystic Blast.
Nothing appears to happen.
* * * LOW HITPOINT WARNING * * *
The water moccasin skeleton closely misses you.
The bullfrog skeleton barely misses you.
Casting: Iskenderun's Mystic Blast (quite dangerous; 17% risk of failure)
Confirm with . or Enter, or press ? or * to list all spells.
The spell is quite dangerous to miscast (17% risk of failure)!
Continue anyway?
You erupt in a blast of force!
The mystic blast hits the water moccasin skeleton.
The water moccasin skeleton is moderately damaged.
The water moccasin skeleton is knocked back by the mystic blast.
The mystic blast hits Shayle's ghost.
Shayle's ghost is heavily damaged.
Shayle's ghost is knocked back by the mystic blast.
The mystic blast hits the bullfrog skeleton!
The bullfrog skeleton is moderately damaged.
The bullfrog skeleton is knocked back by the mystic blast.
* * * LOW HITPOINT WARNING * * *
Found a scroll labelled TURABE ZEWKEIS.
You see here a scroll labelled TURABE ZEWKEIS.
d - 2 scrolls labelled TURABE ZEWKEIS (gained 1)
You see here an amulet of reflection.
Casting: Iskenderun's Mystic Blast (quite dangerous; 17% risk of failure)
Confirm with . or Enter, or press ? or * to list all spells.
The spell is quite dangerous to miscast (17% risk of failure)!
Continue anyway?
You erupt in a blast of force!
The mystic blast hits the bullfrog skeleton.
The bullfrog skeleton is heavily damaged.
The bullfrog skeleton is knocked back by the mystic blast.
* * * LOW HITPOINT WARNING * * *
You see here an amulet of reflection.
t - an amulet of reflection
Casting: Iskenderun's Mystic Blast (quite dangerous; 17% risk of failure)
Confirm with . or Enter, or press ? or * to list all spells.
The spell is quite dangerous to miscast (17% risk of failure)!
Continue anyway?
You erupt in a blast of force!
The mystic blast hits Shayle's ghost!
Shayle's ghost is heavily damaged.
Shayle's ghost is knocked back by the mystic blast.
The mystic blast hits the bullfrog skeleton!
The bullfrog skeleton is severely damaged.
The bullfrog skeleton is knocked back by the mystic blast.
The mystic blast hits the water moccasin skeleton!
The water moccasin skeleton is severely damaged.
The water moccasin skeleton is knocked back by the mystic blast.
The water moccasin skeleton collides with the bullfrog skeleton!
The bullfrog skeleton is almost destroyed.
The water moccasin skeleton is almost destroyed.
* * * LOW HITPOINT WARNING * * *
The water moccasin skeleton bites you.
* * * LOW HITPOINT WARNING * * *
You barely miss the water moccasin skeleton.
The water moccasin skeleton is almost destroyed.
The bullfrog skeleton barely misses you.
The water moccasin skeleton barely misses you.
Unknown command.
You hit the water moccasin skeleton but do no damage.
The water moccasin skeleton is almost destroyed.
The bullfrog skeleton barely misses you.
The water moccasin skeleton closely misses you.
You hit the water moccasin skeleton.
You destroy the water moccasin skeleton!
The bullfrog skeleton hits you.
* * * LOW HITPOINT WARNING * * *
Shayle's ghost closely misses you.
Your Fighting skill increases to level 2!
The bullfrog skeleton hits you.
You die...

.# ##..#############....# .#
....#....... ...#..#.. )##
###..#....... ...#..##. ...
#..#..###.###..#..### ...
#..#..#8#.#8#..#..##. ...#
####..#..........$#..##.
#...######....©#.....©....)#©.##.
#....#....##..#.W.........#..###
#.#...#####..#@Z#8#.#8#..#..# #
...##.....#.[###.###..#..# #
#.....##..#.....Z.....#..# #
#..## #..#©..........#..###
#..#####..#############.....
##..............[..........##
##.........................##
####..#...........##.#......###
.....##..÷........##.#.######


You could see Shayle's ghost and a bullfrog skeleton.

Vanquished Creatures
  A water moccasin skeleton (D:3)
  4 gnolls
  3 adders (D:2)
  A worm (D:3)
  A dart slug (D:3)
  2 orcs (D:3)
  3 ball pythons
  7 endoplasms
  2 giant cockroaches
  6 goblins
  A hobgoblin (D:1)
  3 jackals (D:3)
  3 quokkas
  4 bats
  9 kobolds
  8 rats
58 creatures vanquished.

Vanquished Creatures (others)
  3 fulminant prisms (D:3)
3 creatures vanquished.

Grand Total: 61 creatures vanquished

Notes
Turn   | Place    | Note
-------+----------+-------------------------------------------
     0 | D:1      | RascalDebosk the Djinni Conjurer began the quest for the
                  | Orb.
     0 | D:1      | RascalDebosk set off with the following spells memorised:
                  | Magic Dart, Searing Ray, Dazzling Flash, Fulminant Prism,
                  | Iskenderun's Mystic Blast.
     0 | D:1      | Reached XP level 1. HP: 15/15 MP: 0/0
   104 | D:1      | Reached XP level 2. HP: 19/21 MP: 0/0
   299 | D:1      | Reached XP level 3. HP: 24/25 MP: 0/0
   299 | D:1      | Learned a level 1 spell: Slow
   453 | D:1      | Reached skill level 4 in Spellcasting
  1114 | D:2      | Reached XP level 4. HP: 30/31 MP: 0/0
  1266 | D:2      | Reached skill level 1 in Fighting
  1608 | D:2      | Reached XP level 5. HP: 33/37 MP: 0/0
  1608 | D:2      | Learned a level 2 spell: Static Discharge
  2311 | D:3      | Found a transporter.
  2314 | D:3      | Found a transporter.
  2314 | D:3      | Noticed Shayle's ghost (novice DjRe)
  2358 | D:3      | HP: 1/38 [bullfrog skeleton (3)]
  2359 | D:3      | Slain by a bullfrog skeleton

Illustrated notes

Levels and vault maps discovered:
D:1:      grunt_arrival_crossed_arrows, layout_loops_cross
D:2:      layout_loops_corners
D:3:      layout_rooms, gammafunk_ghost_mausoleum

Skill      XL: |  1  2  3  4  5 |
---------------+----------------+-----
Spellcasting   | 4 |  4.8
Fighting       | 1 2 |  2.2
Dodging        | |  2.1
Stealth        | |  1.5

Action                   |  1- 3 |  4- 6 || total
-------------------------+-------+-------++-------
Melee: Falchion          |       |    18 ||    18
 Cast: Magic Dart        |    46 |    39 ||    85
       Searing Ray       |     5 |     5 ||    10
       Slow              |     1 |       ||     1
       Iskenderun's Myst |       |     6 ||     6
       Fulminant Prism   |       |     3 ||     3
  Use: Potion            |       |     1 ||     1
Armor: Robe              |       |     6 ||     6
Dodge: Dodged            |    10 |    29 ||    39

Table legend: (Time is in decaauts)
 A = Elapsed time spent in this place.
 B = Non-inter-level travel time spent in this place.
 C = Inter-level travel time spent in this place.
 D = Time resting spent in this place.
 E = Time spent auto-exploring this place.
 F = Levels seen in this place.
 G = Mean time per level.
                   A        B        C        D        E       F      G
               +--------+--------+--------+--------+--------+-----+--------+
         Total |   2353 |   2330 |     23 |    173 |   1714 |   3 |  784.3 |
       Dungeon |   2353 |   2330 |     23 |    173 |   1714 |   3 |  784.3 |
               +--------+--------+--------+--------+--------+-----+--------+

Top non-repeatable levels by time:
     D:2: 1013 daAuts
     D:1: 780 daAuts
     D:3: 559 daAuts
